 Dungeon Crawl Stone Soup version 0.23-a0-384-g3a68796 (webtiles) character file.

280 sleepydude the Skirmisher (level 6, -3/56 HPs)
             Began as a Minotaur Berserker on Oct 7, 2018.
             Was a Believer of Trog.
             Killed from afar by an orc wizard (13 damage)
             ... with a puff of flame
             ... on level 4 of the Dungeon on Oct 27, 2018.
             The game lasted 00:12:42 (3464 turns).

sleepydude the Skirmisher (Minotaur Berserker)      Turns: 3464, Time: 00:12:42

Health: -3/56      AC:  6    Str: 24    XL:     6   Next: 5%
Magic:  5/5        EV: 11    Int:  4    God:    Trog [**....]
Gold:   105        SH:  0    Dex:  9    Spells: 5/5 levels left

rFire    x . .     SeeInvis .   k - +1 halberd (venom)
rCold    + + .     Gourm    .   (shield currently unavailable)
rNeg     . . .     Faith    .   s - +0 scale mail
rPois    .         Spirit   .   (helmet restricted)
rElec    .         Reflect  +   (no cloak)
rCorr    .         Harm     .   (no gloves)
MR       .....                  (no boots)
Stlth    ..........             f - +3 amulet of reflection
HPRegen  0.18/turn              r - ring of ice
MPRegen  0.09/turn              m - ring of protection from cold

@: confused, lethally poisoned (-3 -> -34)
A: retaliatory headbutt, horns 2
a: Berserk, Trog's Hand, Renounce Religion


You were on level 4 of the Dungeon.
You worshipped Trog.
Trog was pleased with you.
You were not hungry.

You visited 1 branch of the dungeon, and saw 4 of its levels.

You collected 105 gold pieces.

Inventory:

Hand Weapons
 a - a +0 hand axe
 k - a +1 halberd of venom (weapon)
 l - a +2 whip of flaming
Armour
 s - a +0 scale mail (worn)
Jewellery
 f - a +3 amulet of reflection (around neck)
 i - an uncursed ring of fire
 m - a ring of protection from cold (right hand)
 r - a ring of ice (left hand)
Scrolls
 h - a scroll of identify {unknown}
 j - 3 scrolls of teleportation {unknown}
 n - a scroll of amnesia {unknown}
 o - a scroll of remove curse {unknown}
Potions
 d - 2 potions of brilliance
 e - 3 potions of heal wounds
 g - a potion of haste {unknown}
Comestibles
 c - 5 rations


   Skills:
 + Level 5.5 Fighting
 + Level 5.5 Axes
 + Level 3.5 Armour
 + Level 3.7 Dodging
 - Level 0.1 Stealth


You had 5 spell levels left.
You didn't know any spells.
Your spell library was empty.

Dungeon Overview and Level Annotations

Branches:
Dungeon (4/15)
 Temple: D:4-7

Altars:
Ashenzari
Fedhas
Hepliaklqana
Kikubaaqudgha
Qazlal
Ru
Sif Muna


Innate Abilities, Weirdness & Mutations

You reflexively headbutt those who attack you in melee.
You have a pair of horns on your head.


Message History

The orc hits you but does no damage. Something hits you but does no damage.
You hit the orc.
You kill the orc!
Trog accepts your kill.
You feel very sick. The orc closely misses you.
You hear some strange, mumbled words.
A magic dart appears from out of thin air!
The magic dart hits you!
* * * LOW HITPOINT WARNING * * *
You barely miss the orc.
* * * LOW HITPOINT WARNING * * *
You feel very sick.
The orc hits you with a +2 flail of venom.
* * * LOW HITPOINT WARNING * * *
You are more poisoned.
You hear some strange, mumbled words.
A puff of flame appears from out of thin air!
The puff of flame hits you! The fire burns you terribly!
You die...

#.#.#.#...####
#####.#.#.#.......
........#.#....##.####
...........>.........
##(##.#.......####.###
#+##.#...#...##.....##
..#####...#.....%.#
...........#.)...:.#.
..####..†....@o_.....#
... +.....#.......#..
#.....#.......#
#.....##.....##
#.....####.### #......
... ######.. ...# ..
...#


You could see an orc.

Vanquished Creatures
  A scorpion (D:4)
  A hound (D:3)
  An orc priest (D:4)
  3 gnolls (D:3)
  7 adders
  2 worms (D:3)
  A dart slug (D:1)
  2 leopard geckos (D:1)
  5 orcs
  A ball python (D:1)
  2 bats
  5 giant cockroaches
  7 goblins
  7 hobgoblins
  2 jackals (D:2)
  12 kobolds
  2 quokkas (D:2)
  2 frilled lizards
  6 rats
69 creatures vanquished.

Notes
Turn   | Place    | Note
-------+----------+-------------------------------------------
     0 | D:1      | sleepydude the Minotaur Berserker began the quest for the
                  | Orb.
     0 | D:1      | Reached XP level 1. HP: 19/19 MP: 0/0
   202 | D:1      | Reached XP level 2. HP: 25/27 MP: 1/1
   342 | D:1      | Upgraded the game from 0.23-a0-301-g9da9e51 to
                  | 0.23-a0-384-g3a68796
   546 | D:1      | Reached XP level 3. HP: 30/33 MP: 2/2
   813 | D:2      | Reached ** piety under Trog
   889 | D:2      | Found a sacrificial altar of Ru.
  1186 | D:2      | Reached XP level 4. HP: 25/41 MP: 3/3
  1513 | D:2      | Found a stormy altar of Qazlal.
  1532 | D:2      | Found a blossoming altar of Fedhas.
  2039 | D:3      | Reached skill level 5 in Fighting
  2296 | D:3      | Reached skill level 5 in Axes
  2449 | D:3      | Found a shattered altar of Ashenzari.
  2822 | D:3      | Reached XP level 5. HP: 48/48 MP: 4/4
  2826 | D:3      | Found a deep blue altar of Sif Muna.
  2924 | D:3      | Found a deep blue altar of Sif Muna.
  3293 | D:4      | Found an ancient bone altar of Kikubaaqudgha.
  3424 | D:4      | Reached XP level 6. HP: 56/56 MP: 5/5
  3441 | D:4      | Found a hazy altar of Hepliaklqana.
  3464 | D:4      | Killed from afar by an orc wizard

Vault maps used:
D:1:      dpeg_arrival_round_c
D:2:      grunt_temple_overflow_forces_of_nature, nicolae_ru_path_of_blood,
          first_ration
D:3:      nicolae_overflow_hidden_temple, lemuel_round_altar,
          lemuel_statue_altar
D:4:      old_standard_altar, kiku_gazebo_pond_becter, serial_shops,
          nicolae_shop_overgrown_old_shop, minmay_misc_feat_enclosed

Skill      XL: |  1  2  3  4  5 |
---------------+----------------+-----
Axes           | 4 5 |  5.5
Fighting       | 4 5 |  5.5
Dodging        | 3 |  3.7
Armour         | 3 |  3.5
Stealth        | |  0.1

Action                   |  1- 3 |  4- 6 || total
-------------------------+-------+-------++-------
Melee: Hand axe          |    63 |    19 ||    82
       Headbutt          |    10 |     7 ||    17
       Halberd           |       |    59 ||    59
Invok: Berserk           |       |     3 ||     3
  Use: Potion            |       |     3 ||     3
  Eat: Chunk             |     1 |    10 ||    11
Armor: Animal skin       |     5 |     4 ||     9
       Scale mail        |       |    10 ||    10
Dodge: Dodged            |    41 |    47 ||    88
Block: Other             |     5 |    11 ||    16

Table legend:
 A = Non-vault XP
 B = Vault XP
 C = Vault XP percentage of total XP
 D = Non-vault monster count
 E = Vault monster count
 F = Vault count percentage of total count
                 A         B        C        D         E       F
            +---------+---------+-------+---------+---------+-------
      Total |     400 |       0 |   0.0 |      69 |       0 |   0.0
            +---------+---------+-------+---------+---------+-------
        D:1 |      44 |       0 |   0.0 |      23 |       0 |   0.0
        D:2 |      77 |       0 |   0.0 |      19 |       0 |   0.0
        D:3 |     143 |       0 |   0.0 |      19 |       0 |   0.0
        D:4 |     136 |       0 |   0.0 |       8 |       0 |   0.0
            +---------+---------+-------+---------+---------+-------
